 Dungeon Crawl Stone Soup version 0.22-a0-109-gbeb7240 (webtiles) character file.

121 Kavrick the Skirmisher (level 4, 0/35 HPs)
             Began as a Demonspawn Fighter on Jan 26, 2018.
             Slain by Grinder (8 damage)
             ... on level 3 of the Dungeon.
             The game lasted 00:06:17 (2433 turns).

Kavrick the Skirmisher (Demonspawn Fighter)         Turns: 2433, Time: 00:06:18

Health: 0/35       AC:  8    Str: 17    XL:     4   Next: 77%
Magic:  4/4        EV:  7    Int:  9    God:
Gold:   79         SH:  9    Dex: 13    Spells: 3/3 levels left

rFire    . . .     SeeInvis .   a - +0 war axe
rCold    . . .     Gourm    .   c - +0 shield
rNeg     . . .     Faith    .   b - +0 scale mail
rPois    .         Spirit   .   (no helmet)
rElec    .         Reflect  .   (no cloak)
rCorr    .         Harm     .   (no gloves)
MR       .....                  (no boots)
Stlth    ..........             (no amulet)
HPRegen  0.11/turn              (no ring)
MPRegen  0.09/turn              (no ring)

@: no status effects
A: claws 1, iridescent scales 1, spiny 1
a: no special abilities


You were on level 3 of the Dungeon.
You were hungry.

You visited 1 branch of the dungeon, and saw 3 of its levels.

You collected 79 gold pieces.

Inventory:

Hand Weapons
 a - a +0 war axe (weapon)
Armour
 b - a +0 scale mail (worn)
 c - a +0 shield (worn)
Jewellery
 h - a cursed ring of resist corrosion {unknown}
 q - a +4 ring of evasion {unknown}
Scrolls
 e - a scroll of remove curse {unknown}
 g - a scroll of magic mapping {unknown}
 i - a scroll of enchant armour {unknown}
 j - a scroll of fear {unknown}
 k - a scroll of teleportation {unknown}
 n - 4 scrolls of random uselessness {unknown}
 o - a scroll of identify {unknown}
 p - a scroll of fog {unknown}
Potions
 d - 3 potions of might
 l - a potion of agility {unknown}
 m - 2 potions of brilliance {unknown}
 s - a potion of lignification {unknown}
 t - a potion of magic {unknown}
Comestibles
 f - 3 rations


   Skills:
 + Level 3.4 Fighting
 * Level 3.0 Axes
 + Level 3.2 Armour
 + Level 1.3 Dodging
 + Level 3.2 Shields


You had 3 spell levels left.
You didn't know any spells.

Dungeon Overview and Level Annotations

Branches:
Dungeon (3/15)

Altars:
Nemelex Xobeh

Annotations:
D:3 Grinder


Innate Abilities, Weirdness & Mutations

You have sharp fingernails.
You are partially covered in iridescent scales. (AC +2)
You are partially covered in sharp spines.


Message History

Grinder hits you.
You hit Grinder.
Grinder is heavily wounded.
Grinder barely misses you. You block Grinder's attack.
You barely miss Grinder.
Grinder is heavily wounded.
Grinder says, "Just stop there for a second..."
Grinder is struck by your spines. Grinder barely misses you.
Your scale mail prevents you from hitting Grinder.
Grinder is heavily wounded.
Grinder hits you. x2; You writhe in agony.
* * * LOW HITPOINT WARNING * * *
Your shield and scale mail prevent you from hitting Grinder.
Grinder is heavily wounded.
You are feeling hungry.
You block Grinder's attack.
You closely miss Grinder.
Grinder is heavily wounded.
Grinder hits you!
You die...

##############++#################
≈≈≈≈≈≈≈≈≈≈≈≈≈....≈≈≈≈≈≈≈≈≈≈≈≈≈≈≈≈
≈≈≈≈≈≈≈≈≈≈≈≈≈.....≈≈≈≈≈≈≈≈≈≈≈≈≈≈≈
≈≈≈≈≈≈≈≈≈≈≈≈.....≈≈≈≈≈≈≈≈≈≈≈≈≈≈≈≈
≈..≈≈≈≈≈≈≈≈.≈...((.≈.≈≈≈.≈≈≈.≈...
................(................
................((...............
...............5@..............#.
.......#...........(.....#######.
...#................((...# #.
####...............<((...# ##
#...............)(.(..##
#....###......#........###
#....########....###.....## #
##.....÷........### ##.##..## #
#..#######.......# #.###..###


You could see Grinder.

Vanquished Creatures
  Terence (D:2)
  3 adders
  An adder skeleton (D:2)
  3 worms (D:2)
  3 leopard geckos
  An orc (D:3)
  3 giant cockroaches
  5 hobgoblins
  3 jackals (D:1)
  6 kobolds
  6 bats
  4 frilled lizards
  12 goblins
  8 rats
59 creatures vanquished.

Notes
Turn   | Place    | Note
-------+----------+-------------------------------------------
     0 | D:1      | Kavrick the Demonspawn Fighter began the quest for the Orb.
     0 | D:1      | Reached XP level 1. HP: 18/18 MP: 1/1
    83 | D:1      | Gained mutation: You are partially covered in iridescent scales. (AC +2) [demonic ancestry]
    83 | D:1      | Reached XP level 2. HP: 18/24 MP: 2/2
   727 | D:2      | Gained mutation: You have sharp fingernails. [demonic ancestry]
   727 | D:2      | Reached XP level 3. HP: 10/29 MP: 3/3
  1201 | D:2      | Reached skill level 1 in Dodging
  1713 | D:2      | Noticed Terence
  1719 | D:2      | Killed Terence
  1719 | D:2      | Gained mutation: You are partially covered in sharp spines. [demonic ancestry]
  1719 | D:2      | Reached XP level 4. HP: 35/35 MP: 4/4
  2190 | D:3      | Found a sparkling altar of Nemelex Xobeh.
  2221 | D:3      | Noticed Grinder
  2232 | D:3      | Paralysed by Grinder for 6 turns
  2425 | D:3      | Paralysed by Grinder for 3 turns
  2433 | D:3      | Slain by Grinder

Vault maps used:
D:1:      dpeg_arrival_lava_temple_mockup, kennysheep_pointless_box
D:2:      first_ration, uniq_terence
D:3:      minmay_goblin_kobold_castle, nemelex_xobeh_ov_fountains_minmay,
          kennysheep_generic_room_13, uniq_grinder

Skill      XL: |  1  2  3  4 |
---------------+-------------+-----
Axes           | 2 3 |  3.0
Shields        | 3 |  3.2
Armour         | 3 |  3.2
Dodging        | 1 |  1.3
Fighting       | |  3.4

Action                   |  1- 3 |  4- 6 || total
-------------------------+-------+-------++-------
Melee: War axe           |   201 |    51 ||   252
  Eat: Chunk             |     3 |     2 ||     5
Armor: Scale mail        |   133 |    15 ||   148
Dodge: Dodged            |    70 |    19 ||    89
Block: Shield            |   135 |    28 ||   163

Table legend:
 A = Spawn XP
 B = Non-spawn XP
 C = Spawn XP percentage of total XP
 D = Spawn monster count
 E = Non-spawn monster count
 F = Spawn count percentage of total count
 G = Total turns spent on level
                    A         B        C        D         E        F      G
               +---------+---------+-------+---------+---------+-------+---------
         Total |       0 |     174 |   0.0 |       0 |      59 |   0.0 |  2433
               +---------+---------+-------+---------+---------+-------+---------
           D:1 |       0 |      36 |   0.0 |       0 |      22 |   0.0 |   663
           D:2 |       0 |      99 |   0.0 |       0 |      21 |   0.0 |  1405
           D:3 |       0 |      39 |   0.0 |       0 |      16 |   0.0 |   365
               +---------+---------+-------+---------+---------+-------+---------
